Map: [ESL] Inside and Out

Players

Zoun - Winner!

  • Race: Protoss Protoss
  • Spawn Location: 1:00

Lambo

  • Race: Zerg Zerg
  • League: Master
  • Spawn Location: 7:00

Event: HomeStory Cup XXI

VOD

Have the link to the VOD?

Description

Time

  • Played on: July 24, 2022, 11:27 a.m.
  • Length: 10:34

All games in this series

Show
View Real Time Build Order
Export as new Build Order

Zoun Protoss - Winner!

Build Orders: 1 Gate Expand, Colossus Rush 

Get SALT Encoding   

  12  0:00  Probe  
  13  0:12  Probe  
  14  0:18  Pylon  
  14  0:24  Probe  
  15  0:36  Probe (Chrono Boost)  
  15  0:39  Gateway  
  16  0:46  Probe (Chrono Boost)  
  16  0:49  Assimilator  
  17  0:51  Probe (Chrono Boost)  
  18  1:03  Probe  
  19  1:15  Probe  
  20  1:26  Nexus  
  20  1:35  Cybernetics Core  
  20  1:40  Probe  
  20  1:45  Assimilator  
  21  1:52  Probe  
  22  1:55  Pylon  
  22  2:04  Probe  
  23  2:10  Adept (Chrono Boost)  
  23  2:12  Warp Gate  
  25  2:17  Probe  
  25  2:21  Robotics Facility  
  26  2:29  Probe (Chrono Boost)  
  27  2:32  Stalker  
  29  2:37  Probe (Chrono Boost)  
  30  2:46  Probe (Chrono Boost)  
  30  2:51  Probe x2 (Chrono Boost)  
  33  2:58  Gateway  
  33  3:01  Probe  
  33  3:03  Probe  
  35  3:06  Adept  
  35  3:11  Robotics Bay  
  37  3:14  Observer, Probe  
  39  3:22  Pylon, Probe  
  40  3:29  Probe  
  40  3:30  Assimilator  
  40  3:34  Probe  
  42  3:35  Warp Prism (Chrono Boost)  
  44  3:46  Probe x2  
  46  3:52  Pylon  
  46  3:58  Gravitic Drive, Probe  
  46  4:01  Probe  
  48  4:03  Disruptor (Chrono Boost), Adept  
  53  4:10  Pylon, Probe  
  53  4:13  Probe  
  55  4:21  Observer, Assimilator  
  55  4:22  Pylon, Probe  
  56  4:25  Probe  
  56  4:30  Disruptor (Chrono Boost)  
  57  4:37  Probe  
  61  4:46  Probe  
  61  4:49  Sentry, Zealot  
  61  4:52  Observer, Gateway  
  66  4:54  Gateway  
  66  4:55  Twilight Council  
  66  4:57  Forge  
  66  5:02  Colossus (Chrono Boost)  
  72  5:09  Probe  
  72  5:10  Pylon, Probe  
  74  5:16  Stalker  
  76  5:25  Protoss Ground Weapons Level 1  
  76  5:32  Blink (Chrono Boost)  
  76  5:33  Probe x2  
  76  5:35  Zealot  
  80  5:44  Nexus  
  80  5:47  Pylon  
  80  5:49  Stalker  
  82  5:51  Probe  
  82  5:55  Disruptor  
  86  6:05  Probe  
  86  6:07  Shield Battery  
  87  6:12  Gateway  
  87  6:15  Probe, Gateway  
  87  6:17  Probe  
  89  6:23  Phoenix  
  89  6:27  Probe  
  89  6:29  Probe  
  89  6:32  Observer, Sentry, Pylon  
  93  6:39  Pylon, Probe  
  94  6:47  Gateway  
  94  6:49  Pylon, Gateway  
  94  6:50  Disruptor  
  97  6:56  Probe x3, Assimilator  
  100  7:09  Stalker x3, Sentry x2  
  100  7:10  Stalker  
  100  7:11  Probe x3  
  115  7:19  Observer  
  115  7:29  Pylon, Probe x2  
  117  7:30  Pylon  
  117  7:32  Sentry x3  
  117  7:33  Stalker x3  
  129  7:44  Stalker x2, Pylon  
  133  8:02  Stalker x5  
  133  8:03  Stalker  
  139  8:13  Stalker x2  
  139  8:15  Shield Battery  
  142  8:39  Stalker  
  140  8:44  Pylon  
  140  8:46  Pylon  
  140  8:47  Pylon  
  140  8:53  Stalker x5  
  136  8:57  Stalker x2  
  136  9:05  Stalker  
  130  9:10  Observer  
  115  9:17  Stalker x4  
  115  9:21  Stalker  
  115  9:22  Stalker x2  
  118  9:33  Stalker  
  120  9:43  Stalker x3  
  122  10:05  Stalker x5  
Show
View Real Time Build Order
Export as new Build Order

Lambo Zerg 

Build Orders: Hatch First 

Get SALT Encoding   

  12  0:00  Drone  
  13  0:12  Overlord  
  13  0:16  Drone  
  14  0:30  Drone x2  
  16  0:41  Drone  
  17  0:51  Hatchery  
  17  0:54  Drone  
  17  0:57  Drone  
  18  1:08  Extractor  
  17  1:12  Spawning Pool  
  17  1:16  Drone  
  17  1:18  Drone  
  18  1:28  Drone  
  19  1:42  Drone  
  20  1:55  Overlord  
  20  1:58  Queen  
  22  2:03  Queen  
  22  2:04  Drone, Zergling x2  
  26  2:11  Zergling x2  
  26  2:14  Drone  
  26  2:15  Metabolic Boost  
  28  2:23  Drone  
  28  2:25  Drone  
  30  2:34  Drone  
  31  2:38  Hatchery  
  31  2:39  Drone  
  31  2:48  Overlord  
  31  2:50  Drone  
  32  2:54  Queen  
  32  2:57  Drone  
  35  3:02  Drone  
  36  3:06  Queen  
  36  3:08  Drone  
  36  3:11  Overlord  
  39  3:15  Drone x3  
  42  3:23  Drone  
  42  3:25  Drone  
  44  3:27  Overlord  
  44  3:32  Queen  
  44  3:33  Drone x2  
  48  3:39  Drone  
  49  3:43  Roach Warren  
  49  3:48  Drone x5  
  53  3:52  Zergling x2  
  53  3:54  Queen  
  56  4:00  Zergling x4  
  58  4:06  Overlord  
  58  4:09  Zergling x8  
  62  4:19  Zergling x8  
  62  4:21  Overlord  
  62  4:24  Drone x2, Overlord  
  66  4:29  Extractor  
  67  4:34  Overlord x2  
  67  4:37  Overlord  
  67  4:47  Drone x4  
  67  4:50  Extractor, Drone x5  
  75  4:53  Drone x2  
  75  4:54  Lair  
  75  4:58  Roach x2  
  81  5:02  Roach  
  83  5:08  Queen  
  83  5:09  Extractor  
  84  5:14  Roach x4  
  84  5:15  Roach  
  94  5:28  Drone x4  
  93  5:29  Drone  
  93  5:30  Roach x2  
  100  5:37  Roach x3  
  100  5:39  Overlord  
  100  5:40  Overlord x2  
  100  5:42  Overlord  
  105  5:43  Extractor  
  105  5:49  Overlord  
  104  5:51  Overlord  
  104  5:52  Glial Reconstitution, Overlord  
  104  5:54  Ravager  
  104  5:55  Overlord  
  105  5:58  Overlord  
  105  6:00  Overlord  
  105  6:04  Overlord  
  105  6:06  Drone x4  
  105  6:10  Roach x2  
  113  6:12  Drone x2  
  113  6:13  Drone  
  115  6:22  Roach x4  
  123  6:30  Roach x5  
  123  6:31  Ravager  
  123  6:32  Ravager  
  135  6:37  Baneling Nest  
  135  6:38  Evolution Chamber, Drone x2  
  135  6:39  Drone  
  136  6:41  Drone x2  
  136  6:44  Drone  
  136  6:45  Extractor  
  136  6:46  Infestation Pit  
  138  6:48  Drone  
  138  6:49  Hydralisk Den  
  138  6:50  Drone x2  
  138  6:52  Drone  
  141  7:04  Roach x7  
  141  7:06  Ravager x2  
  157  7:13  Drone x4  
  161  7:18  Hatchery  
  160  7:24  Zerg Missile Weapons Level 1  
  160  7:27  Drone x5  
  160  7:28  Drone x2  
  160  7:29  Lurker Den  
  166  7:30  Roach  
  166  7:33  Overlord  
  168  7:39  Roach x4  
  176  7:44  Roach  
  176  7:45  Roach x2  
  176  7:48  Extractor, Ravager  
  176  7:49  Ravager x2  
  182  7:52  Extractor  
  182  7:53  Roach x4  
  182  7:57  Ravager  
  190  7:58  Roach  
  190  7:59  Overlord  
  190  8:01  Overlord  
  190  8:03  Overlord  
  190  8:11  Overlord  
  187  8:15  Roach x3  
  187  8:17  Overlord  
  192  8:20  Overlord  
  188  8:36  Roach x5  
  192  8:41  Roach x3  
  192  8:47  Roach x2  
  198  8:52  Roach x8  
  198  8:54  Roach  
  190  8:59  Queen x2  
  190  9:02  Roach x2  
  192  9:04  Ravager x2  
  192  9:05  Roach  
  170  9:13  Roach  
  170  9:14  Roach, Queen  
  162  9:21  Roach  
  161  9:24  Roach x2  
  161  9:29  Roach  
  156  9:32  Roach  
  156  9:34  Queen  
  156  9:37  Roach x2  
  143  9:45  Roach x2  
  140  9:49  Queen  
  140  9:51  Roach  
  138  9:53  Hatchery  
  138  9:54  Roach  
  138  9:56  Roach  
  138  9:59  Roach  
  137  10:05  Roach  
  131  10:09  Roach x2  
  131  10:14  Roach x3  
Tags
 
Add a new tag
Caveats
  • Supply blocks, unpowered buildings, or Contaminate may cause inaccurate times.
  • Supply counts are checked every 10 seconds.